 Dungeon Crawl Stone Soup version 0.20.1-1-g8b1a95d (webtiles) character file.

1263 pstr the Conjurer (level 8, -2/44 HPs)
             Began as a Kobold Conjurer on Nov 21, 2017.
             Was an Initiate of Gozag.
             Slain by an orc warrior
             ... wielding a +0 mace
              (16 damage)
             ... on level 6 of the Dungeon.
             The game lasted 00:20:12 (8647 turns).

pstr the Conjurer (Kobold Conjurer)                 Turns: 8647, Time: 00:20:13

Health: -2/44      AC:  4    Str:  5    XL:     8   Next: 82%
Magic:  13/17      EV: 16    Int: 18    God:    Gozag
Gold:   853        SH:  0    Dex: 16    Spells: 16/19 levels left

rFire    x . .     SeeInvis .   h - +2 dagger (venom)
rCold    + . .     Gourm    .   (shield restricted)
rNeg     . . .     Faith    .   a - +0 robe
rPois    .         Spirit   .   (no helmet)
rElec    .         Reflect  .   B - +0 cloak
rCorr    .         Harm     .   p - +0 pair of gloves (curse)
MR       +....                  (no boots)
Stlth    +++.......             (no amulet)
Regen    0.2/turn               t - ring of ice
MPRegen  0.2/turn               v - ring of protection from magic

@: gold aura, very slightly contaminated
A: carnivore 3
a: Potion Petition, Call Merchant, Bribe Branch, Renounce Religion


You were on level 6 of the Dungeon.
You worshipped Gozag.
Gozag was pleased with you.
You were near starving.

You visited 1 branch of the dungeon, and saw 6 of its levels.

You collected 869 gold pieces.
You paid 16 gold pieces to Gozag.

Inventory:

Hand Weapons
 h - a +2 dagger of venom (weapon)
 l - a +0 dagger of venom
Missiles
 n - 106 stones (quivered)
 s - 35 arrows
Armour
 a - a +0 robe (worn)
 e - a +0 ring mail
 p - a cursed +0 pair of gloves (worn)
 B - a +0 cloak (worn)
Jewellery
 t - a ring of ice (left hand)
 v - a ring of protection from magic (right hand)
Wands
 m - a wand of lightning (4/15)
 r - a wand of flame (25/48)
Scrolls
 c - 2 scrolls of magic mapping {unknown}
 f - 3 scrolls of remove curse
 g - 2 scrolls of enchant armour {unknown}
 j - 4 scrolls of identify
 q - 3 scrolls of fog {unknown}
 u - a scroll of random uselessness {unknown}
 y - a scroll of immolation {unknown}
 A - a scroll of blinking {unknown}
Potions
 d - a potion of flight
 i - a potion of magic
 k - a potion of might {unknown}
 z - a potion of curing {unknown}
Books
 b - a book of Conjurations

   Spells                             Type                      Level
   a - Magic Dart                     Conjuration                  1
   b - Searing Ray                    Conjuration                  2
   c - Dazzling Spray                 Conjuration/Hexes            3
   d - Fulminant Prism                Conjuration/Hexes            4
   e - Force Lance                    Conjuration/Translocation    4
   f - Iskenderun's Mystic Blast      Conjuration                  4
Comestibles
 o - a bread ration
 x - a meat ration


   Skills:
 + Level 1.6 Fighting
 + Level 3.7 Dodging
 + Level 4.6 Stealth
 + Level 6.4 Spellcasting
 + Level 7.9 Conjurations


You had 16 spell levels left.
You knew the following spells:

 Your Spells              Type           Power        Failure   Level  Hunger
a - Magic Dart            Conj           ####         1%          1    None
b - Searing Ray           Conj           ####..       1%          2    None


Dungeon Overview and Level Annotations

Branches:
Dungeon (6/15)             Temple (0/1) D:4

Altars:
Cheibriados
Gozag
Ru
Zin
The Shining One


Innate Abilities, Weirdness & Mutations

You are small and have problems with some larger weapons.
You are carnivorous and can eat meat at any time.


Message History

Press: ? - help, Shift-Dir - straight line, f - orc, p - orc wizard
Aim: an orc, wielding a club and wearing a leather armour The searing ray hits the orc warrior.
The orc warrior is heavily wounded. (Press . to maintain the ray.)
The orc wizard gestures wildly while chanting.
The orc wizard blinks!
The orc warrior hits you with a mace!!
* * * LOW HITPOINT WARNING * * *
The searing ray misses the orc warrior.
The searing ray hits the orc.
The orc is almost dead.
The searing ray hits the orc warrior.
The orc warrior is severely wounded.
The orc warrior barely misses you.
The searing ray misses the orc warrior.
The searing ray hits the orc wizard.
You kill the orc wizard!
You finish channeling your searing ray.
You hear a bark!
The orc warrior hits you with a mace!
You die...
Your body crumbles into a pile of gold.

. .. # .#
.#..##
###......
#.o$..?# #.
#$# #.# #o#
#.# #@# #.#
#.# ##.###.#
#####...##.#
...........#
##
####...####
#. ##<## #.
#.# #. ...
#.


You could see an orc warrior and an orc.

Vanquished Creatures
  2 phantoms (D:5)
  An ogre (D:4)
  A centaur (D:4)
  A scorpion (D:4)
  The ghost of dscm the Ducker, a weakling DsGl (D:3)
  A howler monkey (D:4)
  2 orc priests
  A hound (D:4)
  A jelly (D:5)
  10 orc wizards
  2 worker ants (D:4)
  7 gnolls
  9 adders
  A howler monkey skeleton (D:5)
  An adder skeleton (D:5)
  4 worms
  6 dart slugs
  5 leopard geckos
  21 orcs
  A ball python (D:2)
  7 bats
  6 giant cockroaches
  11 goblins
  10 hobgoblins
  27 jackals
  4 quokkas
  3 frilled lizards
  9 kobolds
  3 rats
158 creatures vanquished.

Notes
Turn   | Place    | Note
-------+----------+-------------------------------------------
     0 | D:1      | pstr the Kobold Conjurer began the quest for the Orb.
     0 | D:1      | Reached XP level 1. HP: 10/10 MP: 3/3
   185 | D:1      | Reached XP level 2. HP: 15/15 MP: 1/5
   189 | D:1      | Learned a level 2 spell: Searing Ray
   613 | D:1      | Reached XP level 3. HP: 19/19 MP: 2/6
  1531 | D:2      | Reached skill level 5 in Conjurations
  1542 | D:2      | Reached XP level 4. HP: 24/24 MP: 3/8
  1784 | D:2      | Found a sacrificial altar of Ru.
  2172 | D:2      | Reached XP level 5. HP: 28/28 MP: 5/9
  3017 | D:3      | Noticed dscm's ghost (weakling DsGl)
  3037 | D:3      | Killed dscm's ghost
  3037 | D:3      | Reached skill level 6 in Conjurations
  3037 | D:3      | Reached XP level 6. HP: 32/32 MP: 5/11
  3130 | D:3      | Found a glowing silver altar of Zin.
  3131 | D:3      | Found an opulent altar of Gozag.
  3137 | D:3      | Became a worshipper of Gozag Ym Sagoz the Greedy
  3164 | D:3      | Found a faded altar of an unknown god.
  5246 | D:4      | Found a sacrificial altar of Ru.
  5247 | D:4      | Found a snail-covered altar of Cheibriados.
  5292 | D:4      | Found a glowing golden altar of the Shining One.
  5341 | D:4      | Reached XP level 7. HP: 18/37 MP: 5/13
  6504 | D:4      | Reached skill level 7 in Conjurations
  6526 | D:4      | Reached skill level 5 in Spellcasting
  6526 | D:4      | Reached XP level 8. HP: 42/42 MP: 1/15
  6799 | D:4      | Found a staircase to the Ecumenical Temple.
  7094 | D:5      | Entered Level 5 of the Dungeon
  7115 | D:5      | Reached skill level 1 in Fighting
  8634 | D:6      | HP: 1/44 [orc warrior/mace (7)]
  8647 | D:6      | Slain by an orc warrior

Skill      XL: |  1  2  3  4  5  6  7  8 |
---------------+-------------------------+-----
Conjurations   | 5 6 7 |  7.9
Stealth        | 3 4 |  4.6
Spellcasting   | 3 4 5 6 |  6.4
Dodging        | 3 |  3.7
Fighting       | 1 |  1.6

Action                   |  1- 3 |  4- 6 |  7- 9 || total
-------------------------+-------+-------+-------++-------
 Cast: Magic Dart        |    45 |    58 |    60 ||   163
       Searing Ray       |     9 |    42 |    51 ||   102
  Use: Potion            |       |     4 |     4 ||     8
       Scroll            |       |       |     5 ||     5
  Eat: Chunk             |    11 |     7 |       ||    18
       Meat ration       |       |       |     1 ||     1
Armor: Robe              |     1 |     4 |     4 ||     9
Dodge: Dodged            |     7 |    31 |    43 ||    81
